 Dungeon Crawl Stone Soup version 0.27.1-1-g398f81649c (webtiles) character file.

Game seed: 16025008869611761670

3335 ZARRMARR the Covert (level 10, -5/103 HPs)
             Began as an Octopode Monk on Sept 8, 2021.
             Was a Priest of Sif Muna.
             Slain by a wolf (6 damage)
             ... led by Grum
             ... on level 8 of the Dungeon.
             The game lasted 00:40:42 (7272 turns).

ZARRMARR the Covert (Octopode Monk)                 Turns: 7272, Time: 00:40:42

Health: -5/103     AC: 25    Str: 13    XL:     10   Next: 2%
Magic:  16/16      EV:  2    Int: 15    God:    Sif Muna [***...]
Gold:   284        SH:  0    Dex: 15    Spells: 17/17 levels left

rFire    + . .     SeeInvis .   j - +3 dagger (holy)
rCold    . . .     Faith    .   (no shield)
rNeg     + + +     Spirit   .   (helmet currently unavailable)
rPois    +         Reflect  .   d - amulet of regeneration
rElec    .         Harm     .   g - ring of positive energy
rCorr    .         Rampage  .   l - ring of protection from fire
Will     .....     NoTele   +   (no ring)
Stlth    ++++......             (no ring)
HPRegen  1.27/turn              (no ring)
MPRegen  0.15/turn              (no ring)
                                (no ring)
                                (no ring)

@: tree-form
A: stationary, stasis, torment immunity, boosted hp, almost no armour,
(amphibious), 8 rings, (camouflage 1), (gelatinous body 1), (nimble swimmer 1),
(tentacles), strong 1
a: Renounce Religion, Channel Magic, Forget Spell


You were on level 8 of the Dungeon.
You worshipped Sif Muna.
Sif Muna was most pleased with you.
You were a tree.
You visited 2 branches of the dungeon, and saw 9 of its levels.
You also visited: Sewer.

You collected 284 gold pieces.

Inventory:

Hand Weapons
 j - a +3 dagger of holy wrath (weapon)
Jewellery
 d - an amulet of regeneration (around neck)
 g - a ring of positive energy (left branch)
 l - a ring of protection from fire (right branch)
Wands
 r - a wand of iceblast (6)
Scrolls
 f - 2 scrolls of teleportation
 h - a scroll of fog {unknown}
 i - a scroll of acquirement {unknown}
 m - a scroll of magic mapping {unknown}
 n - 2 scrolls of fear
 u - a scroll of enchant armour {unknown}
 w - 3 scrolls of brand weapon
Potions
 a - 3 potions of resistance
 b - 4 potions of curing
 c - 2 potions of flight
 e - a potion of attraction
 k - a potion of ambrosia {unknown}
 o - a potion of mutation
 q - a potion of degeneration {unknown}


   Skills:
 + Level 6.5 Fighting
 + Level 6.7 Short Blades
 + Level 6.2 Dodging
 + Level 9.7 Stealth
 + Level 4.3 Spellcasting
 + Level 4.7 Ice Magic


You had 17 spell levels left.
You didn't know any spells.
Your spell library contained the following spells:

 Spells                   Type           Power      Damage    Failure   Level
 Freezing Cloud           Conj/Ice/Air   3%         6-21      95%         5
 Ozocubu's Refrigeration  Ice            8%         4d6       100%        7
 Necromutation            Tmut/Necr      1%         N/A       100%        8


Dungeon Overview and Level Annotations

Branches:
Dungeon (8/15)             Temple (1/1) D:4           Sewer (visited)
   Lair: D:8-11

Altars:
Ashenzari
Cheibriados
Dithmenos
Elyvilon
Fedhas
Gozag
Hepliaklqana
Kikubaaqudgha
Makhleb
Nemelex Xobeh
Okawaru
Qazlal
Ru
Sif Muna
Trog
Uskayaw
Vehumet
Wu Jian
Xom
Yredelemnul
The Shining One

Annotations:
D:8 Grum


Innate Abilities, Weirdness & Mutations

You are a tree.
Your roots penetrate the ground, keeping you stationary.
You cannot be teleported.
You are immune to unholy pain and torment.
Your maximum health is greatly increased.
You cannot wear most types of armour.
((You are amphibious.))
You can wear up to eight rings at the same time.
((Your skin changes colour to match your surroundings (Stealth+).))
((Your rubbery body absorbs attacks. (AC +1, EV +1)))
((You are camouflaged near water. (Stealth+)))
((You have tentacles for arms and can constrict up to eight enemies at once.))
Your muscles are strong. (Str +2)


Message History

You hit the wolf but do no damage. You grab the wolf. You squeeze the wolf.
The wolf is almost dead.
You constrict Grum, but do no damage. You constrict the wolf.
The wolf completely misses you. Grum barely misses you.
You hit Grum but do no damage.
Grum is moderately wounded.
You constrict Grum. You constrict the wolf. The wolf misses you.
You hit Grum. You squeeze Grum.
Grum is heavily wounded.
You constrict Grum.
You constrict the wolf, but do no damage.
The wolf bites you. Grum misses you.
You hit Grum but do no damage. You squeeze Grum.
Grum is heavily wounded.
You constrict Grum, but do no damage. You constrict the wolf.
The wolf bites you! Grum hits you with a -1 spear!!
Okay, then.
You turn into a tree.
Your roots penetrate the ground.
You lose your grip on Grum.
You lose your grip on the wolf.
The wolf bites you. The wolf completely misses you.
Grum hits you but does no damage.
You completely miss Grum.
Grum is heavily wounded.
The wolf bites you but does no damage.
You hit Grum but do no damage.
Grum is heavily wounded.
The wolf bites you but does no damage. Grum hits you with a -1 spear!
* * * LOW HITPOINT WARNING * * *
You barely miss Grum.
Grum is heavily wounded.
The wolf bites you but does no damage. Grum hits you with a -1 spear!
* * * LOW HITPOINT WARNING * * *
You hit Grum.
Grum is severely wounded.
The wolf bites you but does no damage.
You hit Grum.
Grum is severely wounded.
The wolf barely misses you. Grum hits you with a -1 spear!
* * * LOW HITPOINT WARNING * * *
The wolf bites you.
You die...

#...# #. (.....
##..## #. ......#
#...# ## #.....
##..##### #.....
#....... #.....
##....... #.....
##........
##...†g##
##...#####.
......h♣######....#
#.
.................##
....(...........##
........<..)....#
#.........####.$.#
########### ###.#
..# ..=. ...


You could see Grum (strong) and a wolf.

Vanquished Creatures
  Pikel (D:5)
  A troll (D:7)
  A black bear (D:4)
  A sky beast (D:6)
  2 necrophages
  5 ogres
  A wolf (D:8)
  2 lemures (D:5)
  4 centaurs
  2 phantoms
  3 kobold brigands
  4 bullfrogs
  3 killer bees (D:7)
  A howler monkey (D:4)
  2 electric eels (D:7)
  A centaur zombie (D:5)
  2 bullfrog skeletons
  An orc priest (D:5)
  5 iguanas
  6 orc wizards
  A hound zombie (D:5)
  2 howler monkey zombies (D:5)
  9 adders
  A howler monkey skeleton (D:6)
  A river rat (Sewer)
  An adder skeleton (D:4)
  A worm (D:5)
  3 dart slugs
  13 orcs
  9 ball pythons
  4 bats
  13 endoplasms
  10 giant cockroaches
  6 goblins
  4 hobgoblins
  6 jackals (D:5)
  6 quokkas
  2 frilled lizards
  25 kobolds
  6 rats
171 creatures vanquished.

Vanquished Creatures (others)
  3 plants (D:7)
3 creatures vanquished.

Grand Total: 174 creatures vanquished

Notes
Turn   | Place    | Note
-------+----------+-------------------------------------------
     0 | D:1      | ZARRMARR the Octopode Monk began the quest for the Orb.
     0 | D:1      | Reached XP level 1. HP: 16/16 MP: 1/1
   249 | D:1      | Reached XP level 2. HP: 7/21 MP: 2/2
   784 | D:1      | Reached skill level 3 in Stealth
   828 | D:1      | Found a faded altar of an unknown god.
   904 | D:1      | Reached XP level 3. HP: 26/26 MP: 3/3
  1549 | D:2      | Found a hide-covered altar of Uskayaw.
  1812 | D:2      | Reached XP level 4. HP: 25/31 MP: 4/4
  2147 | D:3      | Found a glowing drain.
  2150 | D:3      | Reached skill level 4 in Stealth
  2157 | Sewer    | Entered a sewer
  2192 | Sewer    | Noticed a kobold brigand
  2204 | Sewer    | Killed a kobold brigand
  2205 | Sewer    | Reached skill level 5 in Stealth
  2205 | Sewer    | Reached XP level 5. HP: 27/37 MP: 5/5
  2455 | Sewer    | Noticed a kobold brigand
  2463 | Sewer    | Killed a kobold brigand
  2464 | Sewer    | Reached skill level 6 in Stealth
  2464 | Sewer    | Reached XP level 6. HP: 43/43 MP: 6/6
  3163 | D:3      | Found a shimmering blue altar of Sif Muna.
  3200 | D:3      | Became a worshipper of Sif Muna the Loreminder
  3200 | D:3      | Reached * piety under Sif Muna
  3200 | D:3      | Reached ** piety under Sif Muna
  3419 | D:4      | Got the Grimoire of Frigorific Evil Secrets
  3435 | D:4      | Found a staircase to the Ecumenical Temple.
  3446 | D:4      | Reached XP level 7. HP: 48/48 MP: 7/7
  3483 | D:5      | Entered Level 5 of the Dungeon
  3507 | D:4      | Reached skill level 7 in Stealth
  3525 | D:4      | Reached skill level 1 in Spellcasting
  3525 | D:4      | Reached skill level 1 in Ice Magic
  3589 | Temple   | Entered the Ecumenical Temple
  4217 | D:5      | Reached skill level 5 in Short Blades
  4225 | D:5      | Reached XP level 8. HP: 48/54 MP: 8/10
  4247 | D:5      | Gained mutation: You are frail. (-10% HP) [potion of
                  | mutation]
  4247 | D:5      | Gained mutation: You are agile. (Dex +2) [potion of
                  | mutation]
  4255 | D:5      | Noticed Pikel
  4261 | D:5      | Reached skill level 5 in Fighting
  4298 | D:5      | HP: 2/73 [Pikel (8)]
  4306 | D:5      | HP: 3/73 [orc (4)]
  4309 | D:5      | Killed Pikel
  4310 | D:5      | Reached skill level 5 in Dodging
  4310 | D:5      | Reached skill level 8 in Stealth
  4331 | D:5      | Lost mutation: You are frail. (-10% HP) [potion of
                  | mutation]
  4331 | D:5      | Lost mutation: You are agile. (Dex +2) [potion of mutation]
  4331 | D:5      | Gained mutation: Your muscles are strong. (Str +2) [potion
                  | of mutation]
  4511 | D:5      | Reached *** piety under Sif Muna
  4940 | D:5      | Found a shadowy altar of Dithmenos.
  5005 | D:6      | Reached XP level 9. HP: 46/61 MP: 13/13
  5234 | D:6      | Found a radiant altar of Vehumet.
  5627 | D:6      | Reached skill level 9 in Stealth
  5947 | D:7      | Found a shimmering altar of Xom.
  5990 | D:7      | Found a broken altar of Ashenzari.
  5990 | D:7      | Found a glowing golden altar of the Shining One.
  6090 | D:7      | Found a sacrificial altar of Ru.
  6155 | D:7      | Identified the +1 robe of Jigsaw {rCorr Int+6 Slay+3}
  6222 | D:7      | Found a hazy altar of Hepliaklqana.
  6223 | D:7      | Found an opulent altar of Gozag.
  6224 | D:7      | Found a hide-covered altar of Uskayaw.
  6423 | D:7      | Noticed a troll
  6425 | D:7      | Killed a troll
  7012 | D:7      | Reached XP level 10. HP: 65/69 MP: 16/16
  7183 | D:8      | Noticed Grum
  7272 | D:8      | HP: 1/103 [Grum (14)]
  7272 | D:8      | Slain by a wolf

Illustrated notes

Levels and vault maps discovered:
D:1:      minmay_arrival_widening_spiral_narrow, layout_basic,
          hellmonk_ecumenical_altar_arch_garden, chequers_serial_rivers_micro_e
D:2:      layout_loops_ring, basic_altar
D:3:      layout_loops_ring, kennysheep_orc_sif_temple, gup_sewer_entry_pipe
D:4:      layout_rooms, minmay_temple_entry_water_ring
D:5:      minmay_general_purpose_star, layout_cave_pools,
          mainiacjoe_overflow_alcove_2, uniq_pikel
D:6:      layout_basic, nicolae_vehumet_radiance
D:7:      minmay_cornered_nines, layout_loops_cross, nicolae_ru_awakened_eye,
          xom_teletrap_fun, chequers_temple_overflow_statue_of_worship,
          mainiacjoe_overflow_divided_tiny, serial_bayou_ford_a,
          hangedman_decor_riveting, chequers_serial_rivers_room_b,
          kennysheep_decorative_pillar
D:8:      layout_layer_cave, kennysheep_mini_moat, gup_ossuary_entry_pyramid,
          uniq_grum
Temple:   minmay_temple_curvy_loop

Skill      XL: |  1  2  3  4  5  6  7  8  9 |
---------------+----------------------------+-----
Stealth        | 3 5 6 7 8 9 |  9.7
Short Blades   | 4 5 6 |  6.7
Fighting       | 4 5 6 |  6.5
Dodging        | 4 5 6 |  6.2
Spellcasting   | 1 3 4 |  4.3
Ice Magic      | 1 3 4 |  4.7

Action                   |  1- 3 |  4- 6 |  7- 9 | 10-12 || total
-------------------------+-------+-------+-------+-------++-------
Melee: Short sword       |    74 |    31 |       |       ||   105
       Tentacles         |     6 |    21 |    56 |     3 ||    86
       Constrict         |    14 |    24 |    39 |     2 ||    79
       Dagger            |       |    82 |   270 |    10 ||   362
Throw: Dart              |       |       |    31 |       ||    31
       Throwing net      |       |       |     1 |       ||     1
Evoke: Wand              |       |       |       |     3 ||     3
  Use: Scroll            |     3 |     2 |     5 |     1 ||    11
       Potion            |       |       |     9 |     1 ||    10
 Stab: Sleeping          |    14 |    17 |    15 |       ||    46
       Distracted        |     1 |       |     2 |       ||     3
       Invisible         |       |       |     2 |       ||     2
Armor: Skin              |     6 |     7 |    42 |     5 ||    60
Dodge: Dodged            |    23 |    58 |   128 |     8 ||   217
